AoeStats
← die trying

Hideout

509744033Analyzed
1v1 RM · 4d ago on Sep 27, 2026· 18m 46s· 2 players
Game mode
Random Map
Map size
Tiny (2 player)
Population
200
Speed
Normal
Resources
Standard
Victory
Conquest
Starting age
Dark Age
Ending age
Imperial Age
RankedLock teamsTeams togetherTeam positionsShared explorationLock speedFull tech treeHidden civsTurbo modeCheats
Victory
Defeat
🇲🇽 Varangians · Mexico
1859
+21
🇨🇱 Celts · Chile
1964
-21
die trying
9:25 Feudal Age
9:58 Loom
13:19 Castle Age
Barón de la Cerveza
9:36 Feudal Age
13:51 Castle Age
13:17 Horse Collar
13:24 Double-Bit Axe
14:47 Loom
Connection lost

Rejoining the realm…

Still unreachable

The connection could not be restored.

Session expired

The server has moved on; the page needs a fresh start.